 Dungeon Crawl Stone Soup version 0.28-a0-8-g6e044cfa68 (webtiles) character file.

Game seed: 8421413509971364578

2650 senseless the Thaumaturge (level 9, 0/60 HPs)
             Began as a Djinni Hedge Wizard on July 24, 2021.
             Splashed by a jelly's acid (6 damage)
             ... on level 7 of the Dungeon.
             The game lasted 00:32:01 (9777 turns).

senseless the Thaumaturge (Djinni Hedge Wizard)     Turns: 9777, Time: 00:32:01

Health: 0/60       AC:  2    Str:  9    XL:     9   Next: 93%
Gold:   248        EV: 13    Int: 26    God:
                   SH:  0    Dex: 12

rFire   + + .      SeeInvis .   i - +2 dagger (speed)
rCold   x . .      Faith    .   (no shield)
rNeg    . . .      Spirit   .   b - +0 robe
rPois   ∞          Reflect  .   c - +2 hat
rElec   .          Harm     .   (no cloak)
rCorr   .          Rampage  .   a - +1 pair of gloves
Will    .....                   (boots unavailable)
Stlth   ++........              (no amulet)
HPRegen 0.20/turn               g - ring of wizardry
MPRegen 0.00/turn               j - +6 ring of intelligence

@: corroded, flying
A: sickness immunity, fire resistance 2, cold vulnerability 1, float, innate
caster, hp casting, extra vitality 1
a: no special abilities


You were on level 7 of the Dungeon.
You visited 2 branches of the dungeon, and saw 8 of its levels.

You collected 248 gold pieces.

Inventory:

Hand Weapons
 i - a +2 dagger of speed (weapon)
 q - a +1 great sword
Missiles
 e - 3 curare-tipped darts
Armour
 a - a +1 pair of gloves (worn)
 b - a +0 robe (worn)
 c - a +2 hat (worn)
Jewellery
 g - a ring of wizardry (left hand)
 j - a +6 ring of intelligence (right hand)
Wands
 p - a wand of charming (8)
Scrolls
 n - 2 scrolls of teleportation
Potions
 d - a potion of heal wounds
 f - a potion of mutation
 h - 2 potions of brilliance
 k - a potion of flight {unknown}
 l - a potion of attraction {unknown}
 m - a potion of curing
 o - 2 potions of lignification {unknown}


   Skills:
 + Level 3.0 Fighting
 + Level 4.1 Short Blades
 + Level 5.2 Dodging
 - Level 1.9 Stealth
 + Level 8.4 Spellcasting


You had 2 spell levels left.
You knew the following spells:

 Your Spells              Type           Power      Damage    Failure   Level
a - Magic Dart            Conj           100%       1d8       1%          1
b - Blink                 Tloc           N/A        N/A       1%          2
c - Call Imp              Summ           53%        N/A       1%          2
d - Slow                  Hex            53%        N/A       1%          2
e - Conjure Flame         Conj/Fire      53%        6-21      1%          3
f - Mephitic Cloud        Conj/Pois/Air  53%        N/A       1%          3
g - Sting                 Tmut/Pois      100%       1d8       1%          1
h - Corpse Rot            Necr/Air       N/A        N/A       1%          2
i - Summon Guardian Gole  Hex/Summ       53%        N/A       1%          3
j - Spider Form           Tmut/Pois      26%        N/A       1%          3
Your spell library was empty.

Dungeon Overview and Level Annotations

Branches:
Dungeon (7/15)             Temple (1/1) D:6

Altars:
Ashenzari
Dithmenos
Elyvilon
Fedhas
Hepliaklqana
Kikubaaqudgha
Nemelex Xobeh
Qazlal
Sif Muna
Trog
Vehumet
Wu Jian
The Shining One

Shops:
D:1 =


Innate Abilities, Weirdness & Mutations

You are immune to sickness and miasma.
You are immune to poison.
Your flesh is very heat resistant. (rF++)
You are vulnerable to cold. (rC-)
You float through the air rather than walking.
You learn spells naturally, not from books.
Your magical power is your life essence.
You have superior vitality. (+4 HP)


Message History

Casting: Magic Dart (safe; 1% risk of failure)
Confirm with . or Enter, or press ? or * to list all spells.
Aiming: Magic Dart (safe; 1% risk of failure)
Press: ? - help, Shift-Dir - straight line, f/p - orc warrior
Aim: an orc warrior, wielding a +0 trident and wearing a +0 plate armour (almost dead, confused, 100% to hit)
The magic dart hits the orc warrior but does no damage.
The orc warrior is almost dead.
Casting: Magic Dart (safe; 1% risk of failure)
Confirm with . or Enter, or press ? or * to list all spells.
Aiming: Magic Dart (safe; 1% risk of failure)
Press: ? - help, Shift-Dir - straight line, f/p - orc warrior
Aim: an orc warrior, wielding a +0 trident and wearing a +0 plate armour (almost dead, confused, 100% to hit)
The magic dart hits the orc warrior but does no damage.
The orc warrior is almost dead.
The jelly hits you. The acid corrodes you!
You are splashed with acid!
* * * LOW HITPOINT WARNING * * *
Casting: Magic Dart (safe; 1% risk of failure)
Confirm with . or Enter, or press ? or * to list all spells.
Aiming: Magic Dart (safe; 1% risk of failure)
Press: ? - help, Shift-Dir - straight line, f - jelly, p - orc warrior
Aim: a jelly (100% to hit)
The magic dart hits the jelly!
The jelly is heavily wounded.
* * * LOW HITPOINT WARNING * * *
The jelly hits you.
* * * LOW HITPOINT WARNING * * *
You are splashed with acid!
* * * LOW HITPOINT WARNING * * *
Casting: Magic Dart (safe; 1% risk of failure)
Confirm with . or Enter, or press ? or * to list all spells.
Aiming: Magic Dart (safe; 1% risk of failure)
Press: ? - help, Shift-Dir - straight line, f/p - jelly
Aim: a jelly (heavily wounded, 100% to hit)
The magic dart hits the jelly.
The jelly is severely wounded.
* * * LOW HITPOINT WARNING * * *
The jelly hits you.
* * * LOW HITPOINT WARNING * * *
You are splashed with acid.
You die...

##)o....# ........#
#.......#
.>......##....#
#.......##......
#.).....##......
#.o.....##....### #o#
.......#.## #@#
###.#....oo... #J#
#...#...#†..#
##.###.###...#<#
#....).[.....#.#.#
##.###.#.#.......#
##.###.#.....#.###
................#.#.###
..z..##.###.......#...
..zz #.# #####.###.####


You could see an orc warrior (confused), a jelly and an orc.

Vanquished Creatures
  A two-headed ogre (D:6)
  Maggie (D:6)
  2 water moccasins (D:7)
  2 ogres
  A necrophage (D:5)
  A centaur (D:5)
  A phantom (D:6)
  A scorpion (D:6)
  5 killer bees
  2 wights (D:7)
  A howler monkey (D:6)
  2 orc priests
  2 bullfrog skeletons (D:4)
  A centaur skeleton (D:6)
  2 gnoll shamans (D:6)
  A hound (D:5)
  2 jellies
  3 iguanas
  4 orc wizards
  8 gnolls (D:6)
  8 adders
  A white imp (D:6)
  9 orcs
  5 endoplasms
  2 giant cockroaches
  9 goblins
  8 hobgoblins
  8 jackals
  5 quokkas
  7 ball pythons
  9 bats
  6 frilled lizards
  7 kobolds
  5 rats
132 creatures vanquished.

Vanquished Creatures (others)
  3 fungi (D:6)
3 creatures vanquished.

Grand Total: 135 creatures vanquished

Notes
Turn   | Place    | Note
-------+----------+-------------------------------------------
     0 | D:1      | senseless the Djinni Hedge Wizard began the quest for the
                  | Orb.
     0 | D:1      | Reached XP level 1. HP: 15/15 MP: 0/0
   391 | D:1      | Reached XP level 2. HP: 18/21 MP: 0/0
   929 | D:1      | Reached XP level 3. HP: 19/25 MP: 0/0
   929 | D:1      | Learned a level 1 spell: Sting
   999 | D:1      | Found Deabeshremio's Jewellery Shoppe.
  1271 | D:1      | Reached skill level 3 in Spellcasting
  1829 | D:2      | Reached XP level 4. HP: 22/31 MP: 0/0
  3401 | D:4      | Reached XP level 5. HP: 30/36 MP: 0/0
  3401 | D:4      | Learned a level 2 spell: Corpse Rot
  3581 | D:4      | Reached skill level 1 in Short Blades
  3784 | D:3      | Reached skill level 4 in Spellcasting
  4248 | D:4      | Reached skill level 1 in Fighting
  4248 | D:4      | Reached XP level 6. HP: 25/42 MP: 0/0
  5055 | D:5      | Entered Level 5 of the Dungeon
  5169 | D:5      | Reached XP level 7. HP: 14/47 MP: 0/0
  5169 | D:5      | Learned a level 3 spell: Summon Guardian Golem
  5553 | D:5      | Noticed a two-headed ogre
  5899 | D:5      | Reached skill level 5 in Spellcasting
  5994 | D:5      | You are sucked into a shaft and drop 1 floor!
  6019 | D:6      | Found a staircase to the Ecumenical Temple.
  6046 | D:6      | Noticed a two-headed ogre
  6051 | D:6      | Noticed Maggie
  6084 | Temple   | Entered the Ecumenical Temple
  6497 | D:6      | Killed Maggie
  6498 | D:6      | Reached XP level 8. HP: 22/54 MP: 0/0
  7157 | D:6      | Reached skill level 6 in Spellcasting
  7281 | D:6      | Killed a two-headed ogre
  7282 | D:6      | Reached skill level 7 in Spellcasting
  7282 | D:6      | Reached XP level 9. HP: 51/59 MP: 0/0
  7282 | D:6      | Learned a level 3 spell: Spider Form
  8297 | D:6      | Reached skill level 5 in Dodging
  8819 | D:7      | Reached skill level 8 in Spellcasting
  8873 | D:7      | HP: 2/59 [killer bee (3)]
  9777 | D:7      | Splashed by a jelly's acid

Illustrated notes

Levels and vault maps discovered:
D:1:      eino_arrival_cavern_e, layout_basic, serial_shops, shop
D:2:      minmay_skewed_foursquare, layout_rooms
D:3:      minmay_chambers_of_twos, layout_basic, roderic_malta_cross
D:4:      layout_basic, marbit_many_paths
D:5:      layout_loops_cross
D:6:      layout_basic, temple_pool_b, serial_aquarium, aquarium_bridge_straight
          [aquarium_subvault_bridge, aquarium_subvault_balcony,
          aquarium_subvault_bridge, aquarium_subvault_wall],
          aquarium_bridge_straight [aquarium_subvault_bridge,
          aquarium_subvault_wall, aquarium_subvault_bridge,
          aquarium_subvault_window], aquarium_window_corridor_1,
          aquarium_window_1, aquarium_view_2c, aquarium_view_2f,
          grunt_decor_clamped, hangedman_abyss_or_decor_lesser_grid,
          kennysheep_doodads, uniq_maggie
D:7:      layout_basic, enter_ossuary_3
Temple:   dpeg_three_leaves_temple

Skill      XL: |  1  2  3  4  5  6  7  8  9 |
---------------+----------------------------+-----
Spellcasting   | 3 4 5 7 8 |  8.4
Short Blades   | 1 2 3 4 |  4.1
Fighting       | 1 2 3 |  3.0
Dodging        | 3 4 5 |  5.2
Stealth        | |  1.9

Action                   |  1- 3 |  4- 6 |  7- 9 || total
-------------------------+-------+-------+-------++-------
Melee: Dagger            |    21 |    57 |    18 ||    96
 Cast: Magic Dart        |    85 |   107 |   283 ||   475
       Call Imp          |     1 |       |       ||     1
       Sting             |     1 |     5 |     3 ||     9
       Conjure Flame     |       |     1 |       ||     1
       Mephitic Cloud    |       |     4 |    19 ||    23
       Blink             |       |     1 |       ||     1
       Summon Guardian G |       |       |     4 ||     4
  Use: Scroll            |     2 |     7 |     6 ||    15
       Potion            |       |     2 |     1 ||     3
 Stab: Confused          |       |     2 |     3 ||     5
Armor: Robe              |     2 |    14 |    18 ||    34
Dodge: Dodged            |    13 |    46 |    51 ||   110

Table legend: (Time is in decaauts)
 A = Elapsed time spent in this place.
 B = Non-inter-level travel time spent in this place.
 C = Inter-level travel time spent in this place.
 D = Time resting spent in this place.
 E = Time spent auto-exploring this place.
 F = Levels seen in this place.
 G = Mean time per level.
                   A        B        C        D        E       F      G
               +--------+--------+--------+--------+--------+-----+--------+
         Total |   9752 |   9457 |    295 |   2008 |   6402 |   8 | 1219.0 |
       Dungeon |   8717 |   8422 |    295 |    989 |   6402 |   7 | 1245.3 |
        Temple |   1035 |   1035 |      0 |   1019 |      0 |   1 | 1035.0 |
               +--------+--------+--------+--------+--------+-----+--------+

Top non-repeatable levels by time:
     D:6: 2171 daAuts
     D:3: 1566 daAuts
     D:4: 1516 daAuts
     D:1: 1347 daAuts
  Temple: 1035 daAuts
     D:2: 865 daAuts
     D:5: 673 daAuts
     D:7: 577 daAuts
